 Dungeon Crawl Stone Soup version 0.26.1-2-gb8aa6d0cf2 (webtiles) character file.

Game seed: 17483477086952995228

56 kreisler the Sneak (level 3, -1/24 HPs)
             Began as an Octopode Brigand on Mar 15, 2021.
             Slain by a gnoll
             ... wielding a cursed -2 spear
              (4 damage)
             ... on level 2 of the Dungeon.
             The game lasted 00:03:17 (1446 turns).

kreisler the Sneak (Octopode Brigand)               Turns: 1446, Time: 00:03:18

Health: -1/24      AC:  1    Str: 10    XL:     3   Next: 95%
Magic:  3/3        EV: 13    Int: 13    God:
Gold:   87         SH:  0    Dex: 14    Spells: 2/2 levels left

rFire    . . .     SeeInvis .   a - +4 dagger
rCold    . . .     Faith    .   (no shield)
rNeg     . . .     Spirit   .   (helmet restricted)
rPois    .         Reflect  .   (no amulet)
rElec    .         Harm     .   (no ring)
rCorr    .         Rampage  .   (no ring)
Will     .....                  (no ring)
Stlth    ++++......             (no ring)
HPRegen  0.08/turn              (no ring)
MPRegen  0.08/turn              (no ring)
                                (no ring)
                                (no ring)

@: no status effects
A: almost no armour, stealthy swim, amphibious, 8 rings, constrict 8, camouflage
1, gelatinous body 1
a: no special abilities


You were on level 2 of the Dungeon.
You visited 1 branch of the dungeon, and saw 2 of its levels.

You collected 87 gold pieces.

Inventory:

Hand Weapons
 a - a +4 dagger (weapon)
Missiles
 b - 8 poisoned darts (quivered)
 c - 2 curare-tipped darts
Scrolls
 d - 2 scrolls of teleportation
 f - a scroll of random uselessness {unknown}
 h - 2 scrolls of fog {unknown}
Potions
 e - 2 potions of heal wounds {unknown}
 g - a potion of haste


   Skills:
 + Level 2.0 Fighting
 + Level 2.3 Short Blades
 + Level 2.1 Throwing
 + Level 1.1 Dodging
 + Level 7.0 Stealth


You had 2 spell levels left.
You didn't know any spells.
Your spell library was empty.

Dungeon Overview and Level Annotations

Branches:
Dungeon (2/15)

Altars:


Innate Abilities, Weirdness & Mutations

You cannot wear most types of armour.
You are very stealthy in the water. (Stealth+)
You are amphibious.
You can wear up to eight rings at the same time.
You can use your tentacles to constrict eight enemies at once.
Your skin changes colour to match your surroundings (Stealth+).
Your rubbery body absorbs attacks. (AC +1, EV +1)


Message History

Found 15 stones.
The gnoll shouts!
A gnoll comes into view.
Found an escape hatch in the floor.
A gnoll comes into view. It is wielding a -2 spear.
The gnoll closely misses you.
You see here a scale mail.
The gnoll shouts! x2
You hit the gnoll. You grab the gnoll.
The gnoll is lightly wounded.
You constrict the gnoll. You hit the gnoll. You squeeze the gnoll!
You kill the gnoll!
The gnoll hits you from afar with a +0 spear!
The gnoll hits you from afar with a cursed -2 spear!
Your Stealth skill increases to level 7!
The gnoll hits you from afar with a +0 spear!
* * * LOW HITPOINT WARNING * * *
The gnoll hits you from afar with a cursed -2 spear.
You die...

#...#### ######
#......
.....#######...#.. #
......#...##..(#.# ..
#####.#...#
.>.#.#####.##
#.#†..####.#@.g......
#............>g....##
#.#...##....[.(......
#.#...##.#.....######
#.#...##+#.....# #
#.##### .......# #
#.# #.......... ##
#.# #........### .#
#.# #........#


You could see 2 gnolls.

Vanquished Creatures
  A gnoll (D:2)
  An ooze (D:2)
  A dart slug (D:2)
  A leopard gecko (D:1)
  A ball python (D:1)
  4 bats
  A giant cockroach (D:2)
  4 goblins (D:1)
  4 hobgoblins
  6 jackals (D:1)
  4 frilled lizards
  5 kobolds
  3 rats (D:1)
36 creatures vanquished.

Notes
Turn   | Place    | Note
-------+----------+-------------------------------------------
     0 | D:1      | kreisler the Octopode Brigand began the quest for the Orb.
     0 | D:1      | Reached XP level 1. HP: 14/14 MP: 1/1
   281 | D:1      | Reached skill level 6 in Stealth
   281 | D:1      | Reached XP level 2. HP: 15/19 MP: 2/2
   786 | D:1      | Reached XP level 3. HP: 24/24 MP: 3/3
  1445 | D:2      | Reached skill level 7 in Stealth
  1446 | D:2      | Slain by a gnoll

Illustrated notes

Levels and vault maps discovered:
D:1:      roderic_crossed_star, layout_basic, minivault_27
D:2:      minmay_razor_zed, layout_basic, due_unseen_surprise, uniq_terence

Skill      XL: |  1  2  3 |
---------------+----------+-----
Stealth        | 6 7 |  7.0
Fighting       | |  2.0
Short Blades   | |  2.3
Throwing       | |  2.1
Dodging        | |  1.1

Action                   || total
-------------------------++-------
Melee: Dagger            ||    57
       Constrict         ||    14
       Tentacles         ||     9
  Use: Scroll            ||     5
       Potion            ||     3
 Stab: Sleeping          ||    12
Armor: Skin              ||     1
Dodge: Dodged            ||    28
